 Dungeon Crawl Stone Soup version 0.23.2-1-ga50397a (webtiles) character file.

Game seed: 7900179622279656285

501 mopl the Ruffian (level 6, -7/47 HPs)
             Began as a Minotaur Transmuter on May 11, 2019.
             Splashed by a jelly's acid (10 damage)
             ... on level 5 of the Dungeon.
             The game lasted 00:05:31 (4077 turns).

mopl the Ruffian (Minotaur Transmuter)              Turns: 4077, Time: 00:05:32

Health: -7/47      AC: -5    Str: 15    XL:     6   Next: 95%
Magic:  0/8        EV: 12    Int: 12    God:
Gold:   61         SH:  0    Dex: 10    Spells: 3/9 levels left

rFire    . . .     SeeInvis .     - Unarmed
rCold    . . .     Gourm    .   (no shield)
rNeg     . . .     Faith    .   b - +0 robe
rPois    .         Spirit   .   (helmet restricted)
rElec    .         Reflect  .   (no cloak)
rCorr    .         Harm     .   (no gloves)
MR       .....                  q - +0 pair of boots
Stlth    +.........             (no amulet)
HPRegen  0.15/turn              (no ring)
MPRegen  0.11/turn              (no ring)

@: corroded, very slightly contaminated
A: retaliatory headbutt, horns 2
a: no special abilities


You were on level 5 of the Dungeon.
You were very hungry.

You visited 2 branches of the dungeon, and saw 6 of its levels.

You collected 240 gold pieces.
You spent 179 gold pieces at shops.

Inventory:

Missiles
 a - 12 arrows
 f - 135 stones
 g - 17 tomahawks (quivered)
 i - 27 poisoned needles
 k - 31 sling bullets
 t - 2 exploding tomahawks
Armour
 b - a +0 robe (worn)
 n - a +0 ring mail
 q - a +0 pair of boots (worn)
Scrolls
 c - a scroll of amnesia {unknown}
 e - 2 scrolls of fog {unknown}
 j - 4 scrolls of identify
 l - 3 scrolls of remove curse
 m - 3 scrolls of teleportation {unknown}
 p - 2 scrolls of magic mapping {unknown}
 s - a scroll of fear {unknown}
 u - a scroll of noise {unknown}
Potions
 h - a potion of mutation {!q}
 o - 2 potions of curing
 r - a potion of brilliance
Comestibles
 d - 10 rations


   Skills:
 - Level 1.2 Fighting
 - Level 2.1 Dodging
 + Level 6.1 Unarmed Combat
 - Level 2.1 Spellcasting
 + Level 4.2 Transmutations
 - Level 1.0 Poison Magic


You had 3 spell levels left.
You knew the following spells:

 Your Spells              Type           Power        Failure   Level  Hunger
a - Beastly Appendage     Tmut           ##....       4%          1    ##.....
b - Spider Form           Tmut/Pois      #.........   28%         3    ####...
w - Sticks to Snakes      Tmut           ##......     8%          2    ###....

Your spell library contained the following spells:

 Spells                   Type           Power        Failure   Level  Hunger
 Ice Form                 Ice/Tmut       #.......     75%         4    #####..
 Blade Hands              Tmut           ##........   80%         5    ######.


Dungeon Overview and Level Annotations

Branches:
Dungeon (5/15)             Temple (1/1) D:4

Altars:
Ashenzari
Elyvilon
Gozag
Hepliaklqana
Makhleb
Nemelex Xobeh
Okawaru
Qazlal
Trog
Uskayaw
Wu Jian
Xom
Yredelemnul
Zin
The Shining One

Shops:
D:3 *   D:4 *


Innate Abilities, Weirdness & Mutations

You reflexively headbutt those who attack you in melee.
You have a pair of horns on your head.


Message History

Confirm with . or Enter, or press ? or * to list all spells.
You miscast Spider Form.
You are very lightly contaminated with residual magic.
Your vision is briefly tinged with green.
The jelly hits you.
You are splashed with acid!
* * * LOW HITPOINT WARNING * * *
Casting: Spider Form (safe; 28% risk of failure)
Confirm with . or Enter, or press ? or * to list all spells.
You create a snake!
You now have 13 arrows.
You are feeling very hungry.
The jelly closely misses you.
You swap places.
Your ball python bites the jelly.
The acid corrodes your ball python!
Your ball python is burned by acid!
Your ball python withers and dies!
Casting: Sticks to Snakes (safe; 8% risk of failure)
Confirm with . or Enter, or press ? or * to list all spells.
You create a snake!
You now have 12 arrows.
The jelly hits you.
* * * LOW HITPOINT WARNING * * *
The acid corrodes you!
You are splashed with acid!
You die...

#.# .. ########.#
...# .......#.##..
............#
.......#.##.#
............#
.......#)##.####..
.......#o##.......
.......#SJ@.#
#.##.######.......
# #. .###### # .#
.# .# .# .#


You could see a jelly, an orc and a friendly adder.

Vanquished Creatures
  An ogre (D:4)
  4 orc wizards
  2 orc priests (D:3)
  2 hounds
  Terence (D:2)
  A worker ant (D:4)
  2 adders
  A shadow imp (D:5)
  An ooze (D:1)
  2 worms
  3 dart slugs
  4 leopard geckos
  13 orcs
  7 giant cockroaches
  8 goblins
  7 hobgoblins
  8 kobolds
  4 quokkas
  4 bats (D:1)
  5 frilled lizards
  A quokka zombie (D:5)
  4 rats
85 creatures vanquished.

Notes
Turn   | Place    | Note
-------+----------+-------------------------------------------
     0 | D:1      | mopl the Minotaur Transmuter began the quest for the Orb.
     0 | D:1      | Reached XP level 1. HP: 16/16 MP: 1/1
   308 | D:1      | Reached XP level 2. HP: 22/23 MP: 3/3
   317 | D:1      | Learned a level 2 spell: Sticks to Snakes
   417 | D:1      | Reached skill level 2 in Transmutations
   515 | D:1      | Reached XP level 3. HP: 16/28 MP: 4/4
   805 | D:2      | Reached skill level 4 in Unarmed Combat
   955 | D:2      | Noticed Terence
   956 | D:2      | Found a stormy altar of Qazlal.
   981 | D:2      | Killed Terence
   981 | D:2      | Reached skill level 2 in Spellcasting
   981 | D:2      | Reached XP level 4. HP: 13/35 MP: 2/6
   990 | D:2      | Learned a level 3 spell: Spider Form
  1564 | D:3      | Reached skill level 1 in Poison Magic
  1564 | D:3      | Reached XP level 5. HP: 23/40 MP: 4/7
  1946 | D:3      | Found Gozag's Platinum Reserve.
  1973 | D:3      | Found a faded altar of an unknown god.
  1984 | D:3      | HP: 2/40 [something (13)]
  2314 | D:3      | Reached skill level 3 in Transmutations
  2608 | D:3      | Reached skill level 5 in Unarmed Combat
  2685 | D:3      | Found an opulent altar of Gozag.
  2918 | D:4      | Reached XP level 6. HP: 38/47 MP: 1/8
  3180 | D:4      | Found a staircase to the Ecumenical Temple.
  3189 | Temple   | Entered the Ecumenical Temple
  3827 | D:4      | Found Cutaoruc's Assorted Antiques.
  3830 | D:4      | Bought a scroll labeled MANER NOJOUSAT for 26 gold pieces
  3830 | D:4      | Bought a dark potion for 23 gold pieces
  3830 | D:4      | Bought a diamond ring for 130 gold pieces
  3883 | D:4      | Reached skill level 6 in Unarmed Combat
  3883 | D:4      | Reached skill level 4 in Transmutations
  4044 | D:5      | Entered Level 5 of the Dungeon
  4077 | D:5      | Splashed by a jelly's acid

Skill      XL: |  1  2  3  4  5  6 |
---------------+-------------------+-----
Transmutations | 2 3 4 |  4.2
Unarmed Combat | 4 5 6 |  6.1
Spellcasting   | 2 |  2.1
Poison Magic   | 1 |  1.0
Fighting       | |  1.2
Dodging        | |  2.1

Action                   |  1- 3 |  4- 6 || total
-------------------------+-------+-------++-------
Melee: Unarmed           |    99 |   173 ||   272
       Headbutt          |     8 |     7 ||    15
       Punch             |     1 |     3 ||     4
       Kick              |     2 |       ||     2
 Cast: Sticks to Snakes  |     1 |     2 ||     3
       Beastly Appendage |     1 |       ||     1
       Spider Form       |       |     8 ||     8
 Abil: End Transformatio |       |     1 ||     1
  Use: Scroll            |       |     4 ||     4
 Stab: Sleeping          |       |     1 ||     1
  Eat: Chunk             |       |    11 ||    11
Armor: Robe              |    13 |    13 ||    26
       Skin              |       |     1 ||     1
Dodge: Dodged            |    57 |   108 ||   165
